 Dungeon Crawl Stone Soup version 0.30.1-9-gdf580d7c3d (webtiles) character file.

Game seed: 12820662851575621977

51 CaptainMV the Chiller (level 3, 0/39 HPs)
             Began as a Draconian Ice Elementalist on Oct 2, 2023.
             Slain by an adder (1 damage)
             ... on level 2 of the Dungeon.
             The game lasted 00:07:56 (874 turns).

CaptainMV the Chiller (Draconian Ice Elementalist)   Turns: 874, Time: 00:07:56

Health: 0/39       AC:  5    Str: 10    XL:     3   Next: 58%
Magic:  1/6        EV: 12    Int: 21    God:
Gold:   67         SH:  0    Dex: 13    Spells: 2/6 levels left

rFire   . . .        b - +0 short sword
rCold   . . .        (no shield)
rNeg    . . .        (body armour unavailable)
rPois   .            (helmet restricted)
rElec   .            (no cloak)
rCorr   .            (no gloves)
SInv    +            (no boots)
Will    .....        (no amulet) Stlth
                     h - +6 ring of intelligence
HPRegen 0.26/turn    f - ring of see invisible
MPRegen 0.10/turn

%: no passive effects
@: berserking, very quick
A: AC +5, unfitting armour, cold-blooded
a: no special abilities


You were on level 2 of the Dungeon.
You visited 1 branch of the dungeon, and saw 2 of its levels.

You collected 67 gold pieces.

Inventory:

Hand Weapons
 a - a +0 sling
 b - a +0 short sword (weapon)
Jewellery
 f - a ring of see invisible (right hand)
 h - a +6 ring of intelligence (left hand)
Wands
 c - a wand of paralysis (13)
Potions
 d - a potion of berserk rage
 e - a potion of magic
 g - a potion of invisibility {unknown}


   Skills:
 + Level 0.1 Short Blades
 + Level 2.0 Dodging
 + Level 1.9 Stealth
 + Level 2.4 Spellcasting
 + Level 4.8 Ice Magic


You had 2 spell levels left.
You knew the following spells:

 Your Spells              Type           Power      Damage    Failure   Level
a - Freeze                Ice            92%        1d9       1%          1
b - Frozen Ramparts       Ice            46%        1d7       6%          3

Your spell library contained the following spells:

 Spells                   Type           Power      Damage    Failure   Level
 Blink                    Tloc           4%         N/A       22%         2
 Lesser Beckoning         Tloc           4%         N/A       22%         2
 Ozocubu's Armour         Ice            23%        N/A       6%          3
 Hailstorm                Conj/Ice       12%        3d5       16%         3
 Gell's Gravitas          Tloc           2%         N/A       38%         3
 Teleport Other           Tloc           2%         N/A       38%         3
 Ice Form                 Ice/Tmut       12%        N/A       45%         4
 Summon Ice Beast         Ice/Summ       12%        N/A       45%         4
 Manifold Assault         Tloc           2%         N/A       80%         4
 Simulacrum               Ice/Necr       6%         N/A       100%        6
 Storm Form               Tmut/Air       1%         N/A       100%        7


Dungeon Overview and Level Annotations

Branches:
Dungeon (2/15)

Altars:


Innate Abilities, Weirdness & Mutations

Your plain brown scales are hard. (AC +5)
You cannot fit into any form of body armour.
You are cold-blooded and may be slowed by cold attacks.


Message History

The adder poisons you!
You barely miss the adder.
The adder is severely wounded.
You feel sick. The bat barely misses you. The hobgoblin closely misses you.
The adder closely misses you.
You miss the adder.
Your tail-slap misses the adder.
The adder is severely wounded.
You feel sick. The bat hits you but does no damage.
The adder bites you but does no damage.
The hobgoblin hits you but does no damage.
You closely miss the adder.
The adder is severely wounded.
You feel sick. The adder closely misses you. The hobgoblin misses you.
The adder bites you but does no damage. The bat barely misses you.
The goblin hits you with a +0 dagger.
You miss the adder.
The adder is severely wounded.
You feel sick. The bat hits you but does no damage.
The hobgoblin hits you but does no damage.
The adder closely misses you. The goblin hits you but does no damage.
You hit the adder.
Your tail-slap misses the adder.
The adder is almost dead.
You feel sick.
You are no longer poisoned.
The bat misses you. The hobgoblin hits you.
* * * LOW HITPOINT WARNING * * *
The adder bites you but does no damage. The goblin hits you but does no damage.
You hit the adder.
The adder is almost dead.
The bat barely misses you. The adder bites you.
* * * LOW HITPOINT WARNING * * *
The hobgoblin hits you but does no damage.
The adder bites you but does no damage. The goblin hits you with a +0 dagger.
* * * LOW HITPOINT WARNING * * *
It was a potion of berserk rage.
A red film seems to cover your vision as you go berserk!
You feel yourself moving faster!
You feel mighty! The bat misses you.
The hobgoblin hits you but does no damage.
The adder bites you.
You die...

.# ...##.......~~ ##
.....$....~..
.........~.. .
.........~~ # ..
.........⌠ .. ...
#.....~~.. ##
....####)...~..~~
........Sg†.~....
#.####.g@#...~~.. #.#
##.b.#....~~.
#.###....#.###~~~
#.##.....#### ~~ ###
#....#......# #
..#######..###......#
...........# #......#
..........## ########
..........#


You could see an adder, a hobgoblin, a goblin and a bat.

Vanquished Creatures
  An adder (D:2)
  A worm (D:2)
  2 dart slugs (D:2)
  2 ball pythons
  5 bats
  2 endoplasms (D:1)
  A giant cockroach (D:1)
  7 goblins
  6 kobolds
  2 frilled lizards (D:1)
  5 rats
34 creatures vanquished.

Notes
Turn   | Place    | Note
-------+----------+-------------------------------------------
     0 | D:1      | CaptainMV the Draconian Ice Elementalist began the quest
                  | for the Orb.
     0 | D:1      | Reached XP level 1. HP: 14/14 MP: 3/3
    96 | D:1      | Reached XP level 2. HP: 20/20 MP: 3/5
   685 | D:2      | Reached XP level 3. HP: 9/26 MP: 0/6
   727 | D:2      | Learned a level 3 spell: Frozen Ramparts
   873 | D:2      | HP: 1/26 [goblin/+0 dagger (1)]
   874 | D:2      | Slain by an adder

Illustrated notes

Levels and vault maps discovered:
D:1:      lightli_arrival_statue_moat, layout_basic, minmay_misc_feat_rugged,
          nrook_loot_triangle
D:2:      cheibrodos_helix_gallery, layout_basic,
          shapermc_ecumenical_altar_mp_vishouse, corexii_corridor_pit,
          chequers_serial_rivers_small_b, uniq_jessica

Skill      XL: |  1  2 |
---------------+-------+-----
Dodging        | 2 |  2.0
Short Blades   | |  0.1
Stealth        | |  1.9
Spellcasting   | |  2.4
Ice Magic      | |  4.8

Action                     || total
---------------------------++-------
  Melee: Unarmed           ||     3
         Short sword       ||    25
   Fire: Sling             ||     5
   Cast: Freeze            ||    46
    Use: Scroll            ||     3
         Potion            ||     1
   Stab: Sleeping          ||     4
 Armour: Skin              ||    32
  Dodge: Dodged            ||    58
